 Dungeon Crawl Stone Soup version 0.31.0-9-g3a7656b989 (webtiles) character file.

Game seed: 3283318185980930089

179 qw the Shooter (level 5, -1/41 HPs)
             Began as a Demigod Hunter on Feb 2, 2024.
             Slain by Grinder (5 damage)
             ... on level 4 of the Dungeon.
             The game lasted 00:00:09 (2446 turns).

qw the Shooter (Demigod Hunter)                     Turns: 2446, Time: 00:00:10

Health: -1/41      AC:  8    Str: 12    XL:     5   Next: 10%
Magic:  7/7        EV: 11    Int: 11    God:
Gold:   182        SH:  0    Dex: 21    Spells: 4/4 levels left

rFire   . . .        a - +1 shortbow
rCold   . . .        (shield currently unavailable)
rNeg    . . .        g - +0 ring mail
rPois   .            (no helmet)
rElec   .            (no cloak)
rCorr   .            (no gloves)
SInv    .            k - +2 pair of boots
Will    .....        l - amulet of regeneration
Stlth   +            (no ring)
HPRegen 1.06/turn    (no ring)
MPRegen 0.10/turn

%: no passive effects
@: no status effects
A: high MP 1, forlorn, divine attributes
a: no special abilities


You were on level 4 of the Dungeon.
You visited 1 branch of the dungeon, and saw 4 of its levels.

You collected 182 gold pieces.


Innate Abilities, Weirdness & Mutations

You have an increased reservoir of magic. (+10% MP)
You shall have no god before yourself.
Your divine heritage dramatically boosts your attributes as you level up.


   Skills:
 - Level 2.0 Fighting
 + Level 5.5 Ranged Weapons
 - Level 1.6 Armour
 - Level 2.0 Dodging
 - Level 0.8 Stealth


You had 4 spell levels left.
You didn't know any spells.
Your spell library was empty.

Inventory:

Hand Weapons
 a - a +1 shortbow (weapon)
Armour
 g - a +0 ring mail (worn)
 k - a +2 pair of boots (worn)
Jewellery
 l - an amulet of regeneration (around neck)
Wands
 m - a wand of polymorph (13)
Scrolls
 d - 3 scrolls of enchant armour
 n - a scroll of identify {unknown}
Potions
 b - a potion of curing {unknown}
 c - a potion of lignification {unknown}
 e - 2 potions of brilliance {unknown}
 f - a potion of might {unknown}
 h - 2 potions of degeneration {unknown}
 i - a potion of magic {unknown}
 j - a potion of resistance
 o - a potion of heal wounds {unknown}
 p - a potion of invisibility {unknown}

Dungeon Overview and Level Annotations

Branches:
Dungeon (4/15)
 Temple: D:4-7

Annotations:
D:4 Grinder


Message History

Pain shoots through your body!
You shoot an arrow. The arrow closely misses Grinder.
Grinder gestures at you. Pain shoots through your body! Grinder hits you.
You writhe in agony.
You shoot an arrow. The arrow barely misses Grinder.
Grinder gestures at you.
You suddenly lose the ability to move!
Grinder gestures at you. You resist with significant effort.
You can move again.
You shoot an arrow. The arrow closely misses Grinder.
Grinder hits you.
You writhe in agony.
You shoot an arrow. The arrow hits Grinder!
Grinder is moderately wounded.
Grinder misses you.
You shoot an arrow.
The arrow hits Grinder but does no damage.
Grinder is moderately wounded.
Grinder hits you but does no damage. Grinder hits you.
You shoot an arrow. The arrow barely misses Grinder.
Grinder hits you.
You shoot an arrow. The arrow hits Grinder!
Grinder is heavily wounded.
Grinder barely misses you.
You shoot an arrow. The arrow hits Grinder.
Grinder is heavily wounded.
Grinder blinks!
You shoot an arrow.
The arrow hits Grinder but does no damage.
Grinder is heavily wounded.
Grinder gestures at you.
You suddenly lose the ability to move!
Grinder gestures at you. Pain shoots through your body!
You can move again.
You shoot an arrow. The arrow hits Grinder.
Grinder is severely wounded.
Grinder hits you.
You writhe in agony.
Grinder hits you.
You die...
Grinder says, "Now the real fun starts!"

#.##.## ##
#.#######.###.#
.. #:........#
##. #.
#####.##### ##
##. #.# # .. #.#
# . #. #.# #
....##.#######.#
#
.......@.......#
#
.?####5#########
#. #. .) ##


You could see Grinder.

Vanquished Creatures
  A howler monkey (D:4)
  An orc priest (D:3)
  An iguana (D:3)
  An adder (D:3)
  2 dart slugs
  A ribbon worm (D:2)
  7 orcs (D:3)
  4 endoplasms
  2 giant cockroaches (D:2)
  4 goblins
  7 hobgoblins
  5 jackals (D:3)
  4 kobolds
  A quokka (D:2)
  6 ball pythons
  7 bats
  5 frilled lizards
  4 rats
63 creatures vanquished.

Notes
Turn   | Place    | Note
-------+----------+-------------------------------------------
     0 | D:1      | qw the Demigod Hunter began the quest for the Orb.
     0 | D:1      | Reached XP level 1. HP: 17/17 MP: 3/3
     0 | D:1      | 0 ||| qw: Version: 0.3-a-155-g5e7d8dd
     0 | D:1      | 0 ||| qw: Game counter: 20
     0 | D:1      | 0 ||| qw: Melee chars always use a shield: true
     0 | D:1      | 0 ||| qw: God list: Okawaru
     0 | D:1      | 0 ||| qw: Allow faded altars: false
     0 | D:1      | 0 ||| qw: Do Orc after clearing Dungeon:15 true
     0 | D:1      | 0 ||| qw: Do second Lair branch before Depths: true
     0 | D:1      | 0 ||| qw: Lair rune preference: random
     0 | D:1      | 0 ||| qw: Goals: Normal
     0 | D:1      | 0 ||| PLANNING D:1-11
   250 | D:1      | Reached skill level 4 in Ranged Weapons
   392 | D:1      | Reached XP level 2. HP: 24/24 MP: 4/4
   874 | D:1      | 874 ||| UPGRADING to +0 ring mail.
   884 | D:1      | 884 ||| DROPPING +0 leather armour.
   885 | D:1      | 885 ||| UPGRADING to +0 pair of boots.
   890 | D:1      | 890 ||| UPGRADING to amulet of regeneration.
   895 | D:1      | 895 ||| READING 4 scrolls labelled HATIWETEUNN.
   895 | D:1      | 895 ||| ENCHANTING +0 pair of boots.
   896 | D:1      | 896 ||| READING 3 scrolls of enchant armour.
   896 | D:1      | 896 ||| ENCHANTING +1 pair of boots.
   897 | D:1      | 897 ||| READING 2 scrolls labelled ENIAJA DYIMIU.
   898 | D:1      | 898 ||| READING scroll labelled ETETEVVALA.
   899 | D:1      | 899 ||| READING scroll labelled BAARER CIKKOX.
   900 | D:1      | 900 ||| DRINKING 2 fizzy emerald potions.
   901 | D:1      | 901 ||| DROPPING scroll of butterflies.
   902 | D:1      | 902 ||| DROPPING scroll of blinking.
  1029 | D:2      | Reached XP level 3. HP: 29/29 MP: 5/5
  1567 | D:2      | 1567 ||| READING 3 scrolls labelled BIAHEU EMUTWE.
  1568 | D:2      | 1568 ||| READING scroll labelled TIRIPNUAMI.
  1568 | D:2      | 1568 ||| ENCHANTING +0 shortbow.
  1569 | D:2      | 1569 ||| READING scroll labelled KOSELA XAAKH.
  1570 | D:2      | 1570 ||| DROPPING 2 scrolls of fear.
  1604 | D:3      | Reached skill level 5 in Ranged Weapons
  1604 | D:3      | Reached XP level 4. HP: 34/36 MP: 6/6
  1665 | D:3      | 1665 ||| RETREEEEATING.
  1668 | D:3      | 1668 ||| RETREEEEATING.
  1672 | D:3      | 1672 ||| RETREEEEATING.
  1673 | D:3      | HP: 8/36 [orc priest/divine providence (10)]
  1687 | D:3      | Reached skill level 1 in Armour
  2045 | D:3      | 2045 ||| READING scroll labelled MEOFAN ILYELL.
  2420 | D:4      | Noticed Grinder
  2420 | D:4      | Paralysed by Grinder for 5 turns
  2431 | D:4      | Reached XP level 5. HP: 28/41 MP: 7/7
  2433 | D:4      | HP: 10/41 [Grinder (6)]
  2434 | D:4      | Paralysed by Grinder for 2 turns
  2438 | D:4      | HP: 8/41 [Grinder (3)]
  2442 | D:4      | Paralysed by Grinder for 4 turns
  2445 | D:4      | HP: 6/41 [Grinder/nerve-wracking pain (8)]
  2446 | D:4      | Slain by Grinder

Levels and vault maps discovered:
D:1:      minmay_arrival_statue_studded, layout_basic,
          ebering_ecumenical_altar_hall, hex_large, minmay_heptomino_d4
D:2:      layout_basic, dreamdust_mushroom_princess, kennysheep_nub
D:3:      layout_rooms
D:4:      layout_loops_corners, uniq_duvessa, uniq_grinder, uniq_robin

Skill      XL: |  1  2  3  4 |
---------------+-------------+-----
Ranged Weapons | 4 5 |  5.5
Fighting       | 2 |  2.0
Armour         | 1 |  1.6
Dodging        | 2 |  2.0
Stealth        | |  0.8

Action                     |  1- 3 |  4- 6 || total
---------------------------+-------+-------++-------
   Fire: Shortbow          |   119 |    72 ||   191
    Use: Scroll            |     8 |     1 ||     9
         Potion            |     1 |       ||     1
 Armour: Leather armour    |    15 |       ||    15
         Ring mail         |    30 |    35 ||    65
  Dodge: Dodged            |    34 |    27 ||    61

Table legend:
 A = Non-vault XP
 B = Vault XP
 C = Vault XP percentage of total XP
 D = Non-vault monster count
 E = Vault monster count
 F = Vault count percentage of total count
                 A         B        C        D         E       F
            +---------+---------+-------+---------+---------+-------
      Total |     253 |       3 |   1.2 |      61 |       2 |   3.2
            +---------+---------+-------+---------+---------+-------
        D:1 |      39 |       3 |   7.1 |      23 |       2 |   8.0
        D:2 |      23 |       0 |   0.0 |      14 |       0 |   0.0
        D:3 |     132 |       0 |   0.0 |      22 |       0 |   0.0
        D:4 |      59 |       0 |   0.0 |       2 |       0 |   0.0
            +---------+---------+-------+---------+---------+-------
